 Dungeon Crawl Stone Soup version 0.28-a0-535-g6f645e4c1d (webtiles) character file.

Game seed: 12276306085448058647

39 Anon1729 the Skirmisher (level 3, -3/29 HPs)
             Began as a Mummy Monk on Sept 26, 2021.
             Slain by a gnoll (12 damage)
             ... on level 1 of the Dungeon.
             The game lasted 00:02:10 (1460 turns).

Anon1729 the Skirmisher (Mummy Monk)                Turns: 1460, Time: 00:02:10

Health: -3/29      AC:  3    Str: 14    XL:     3   Next: 26%
Magic:  3/3        EV: 12    Int: 10    God:
Gold:   66         SH:  0    Dex: 14    Spells: 3/3 levels left

rFire   x . .      SeeInvis .   a - +0 short sword
rCold   + . .      Faith    .   (no shield)
rNeg    + + +      Spirit   .   c - +0 leather armour
rPois   ∞          Reflect  .   (no helmet)
rElec   .          Harm     .   (no cloak)
rCorr   .          Rampage  .   (no gloves)
Will    .....                   (no boots)
Stlth   ++........              (no amulet)
HPRegen 0.09/turn               (no ring)
MPRegen 0.08/turn               (no ring)

@: no status effects
A: cold resistance 1, negative energy resistance 3, torment resistance 2, heat
vulnerability 1, no potions
a: no special abilities


You were on level 1 of the Dungeon.
You visited 1 branch of the dungeon, and saw 2 of its levels.

You collected 66 gold pieces.

Inventory:

Hand Weapons
 a - a +0 short sword (weapon)
Missiles
 d - 93 stones (quivered)
Armour
 b - a +0 robe
 c - a +0 leather armour (worn)


   Skills:
 + Level 3.3 Fighting
 + Level 2.7 Short Blades
 + Level 2.7 Dodging
 + Level 2.1 Stealth
 + Level 0.6 Spellcasting


You had 3 spell levels left.
You didn't know any spells.
Your spell library contained the following spells:

 Spells                   Type           Power      Damage    Failure   Level
 Ignite Poison            Fire/Tmut/Pois 0%         N/A       80%         3
 Mephitic Cloud           Conj/Pois/Air  0%         N/A       80%         3
 Freezing Cloud           Conj/Ice/Air   0%         6-21      100%        5


Dungeon Overview and Level Annotations

Branches:
Dungeon (2/15)

Altars:


Innate Abilities, Weirdness & Mutations

You are immune to poison.
Your flesh is cold resistant. (rC+)
You are immune to negative energy. (rN+++)
You are immune to unholy pain and torment.
You are vulnerable to heat. (rF-)
You do not drink.


Message History

You climb upwards.
There is a stone staircase leading down here.
You start resting.
HP restored.
You climb downwards.
There is a stone staircase leading up here.
The gnoll hits you from afar with a +0 spear.
The gnoll hits you with a +0 spear.
You hit the gnoll.
The gnoll is moderately wounded.
The gnoll hits you with a +0 spear!
A gnoll comes into view. It is wielding a +0 flail.
The gnoll misses you.
There is a stone staircase leading up here.
The gnoll shouts!
The gnoll barely misses you.
You climb upwards.
There is a stone staircase leading down here.
You start resting.
HP restored.
You climb downwards.
There is a stone staircase leading up here.
The gnoll shouts!
You climb upwards.
There is a stone staircase leading down here.
You hit the gnoll but do no damage. The gnoll hits you with a +0 flail.
You closely miss the gnoll. The gnoll hits you with a +0 flail!
You are too injured to fight recklessly!
You are too injured to fight recklessly!
You are too injured to fight recklessly!
You hit the gnoll.
The gnoll is moderately wounded.
The gnoll hits you with a +0 flail.
Your leather armour prevents you from hitting the gnoll.
The gnoll is moderately wounded.
The gnoll barely misses you.
You hit the gnoll but do no damage.
The gnoll is moderately wounded.
The gnoll hits you with a +0 flail!
You die...

#.####.#####.##.......#
#..###.# #.########.#
##...##.# #.# #.# ##.....#.#
#.# #.# #(.......#
#.########.## # ##.....###
#.#.........###### ##†..##
#.#.##............ #####†.##
#g#.##.#....######
......†#########@#.##.#.#.##
#####............#.##.#.#.#
##.#####.###......#.#.#
#####...#
#.###.###....#.#######
........# #.....#
#............# #####...#
#####.###.##.#.#####.# #####
#.....##.#.# #.#
###......#.# #.# ######.#.#
#.#


You could see a gnoll.

Vanquished Creatures
  A worm (D:2)
  5 bats (D:1)
  A giant cockroach (D:1)
  3 goblins (D:1)
  6 hobgoblins (D:1)
  6 kobolds
  2 quokkas (D:1)
  2 ball pythons (D:1)
  2 frilled lizards (D:1)
  4 rats
32 creatures vanquished.

Notes
Turn   | Place    | Note
-------+----------+-------------------------------------------
     0 | D:1      | Anon1729 the Mummy Monk began the quest for the Orb.
     0 | D:1      | Reached XP level 1. HP: 18/18 MP: 1/1
   230 | D:1      | Reached XP level 2. HP: 19/24 MP: 2/2
   809 | D:1      | Reached XP level 3. HP: 29/29 MP: 3/3
  1460 | D:1      | Slain by a gnoll

Illustrated notes

Levels and vault maps discovered:
D:1:      dpeg_arrival_lava_altar, layout_loops_ring, minmay_ruptured
D:2:      layout_basic

Skill      XL: |  1  2 |
---------------+-------+-----
Stealth        | 2 |  2.1
Fighting       | |  3.3
Short Blades   | |  2.7
Dodging        | |  2.7
Spellcasting   | |  0.6

Action                   || total
-------------------------++-------
Melee: Short sword       ||   122
 Stab: Sleeping          ||     4
Armor: Leather armour    ||    25
       Robe              ||     1
Dodge: Dodged            ||    73

Table legend: (Time is in decaauts)
 A = Elapsed time spent in this place.
 B = Non-inter-level travel time spent in this place.
 C = Inter-level travel time spent in this place.
 D = Time resting spent in this place.
 E = Time spent auto-exploring this place.
 F = Levels seen in this place.
 G = Mean time per level.
                   A        B        C        D        E       F      G
               +--------+--------+--------+--------+--------+-----+--------+
         Total |   1459 |   1446 |     13 |    404 |    760 |   2 |  729.5 |
       Dungeon |   1459 |   1446 |     13 |    404 |    760 |   2 |  729.5 |
               +--------+--------+--------+--------+--------+-----+--------+

Top non-repeatable levels by time:
     D:1: 1423 daAuts
     D:2: 35 daAuts
